 Dungeon Crawl Stone Soup version 0.31-a0-1002-g8e65716e6e (webtiles) character file.

Game seed: 2955285380984474573

5184 Azuregosa the Blocker (level 10, 0/65 HPs)
             Began as an Octopode Delver on Nov 10, 2023.
             Was an Initiate of Gozag.
             Slain by a yak (14 damage)
             ... on level 9 of the Dungeon.
             The game lasted 00:25:17 (7572 turns).

Azuregosa the Blocker (Octopode Delver)             Turns: 7572, Time: 00:25:18

Health: 0/65       AC:  1    Str: 11    XL:     10   Next: 60%
Magic:  10/10      EV: 13    Int: 13    God:    Gozag
Gold:   221        SH: 10    Dex: 18    Spells: 9/9 levels left

rFire   x . .        i - +3 long sword (holy)
rCold   + . .        E - +2 buckler
rNeg    . . .        (helmet restricted)
rPois   .            h - amulet of regeneration
rElec   .            J - ring of Bedwo Fae {Ice Drain Will++ rCorr}
rCorr   +            (no ring)
SInv    .            (no ring)
Will    ++...        (no ring)
Stlth   +++++        (no ring)
HPRegen 1.10/turn    (no ring)
MPRegen 0.12/turn    (no ring)
                     (no ring)

%: no passive effects
@: gold aura, on berserk cooldown, slowed, very slow
A: almost no armour, amphibious, 8 rings, camouflage 1, gelatinous body 1,
(nimble swimmer 1), tentacles
a: Renounce Religion, Potion Petition, Call Merchant, Bribe Branch


You were on level 9 of the Dungeon.
You worshipped Gozag.
Gozag was aware of your devotion.
You visited 2 branches of the dungeon, and saw 10 of its levels.

You collected 947 gold pieces.
You spent 385 gold pieces at shops.
You paid 341 gold pieces to Gozag.

Inventory:

Hand Weapons
 d - a +0 dagger of electrocution
 i - a +3 long sword of holy wrath (weapon)
 k - a +1 whip of freezing
 x - a +2 dagger of venom
 A - a +3 shortbow
 K - a +2 trident of draining
 M - a +1 spear of venom
 U - a +2 whip of flaming
Missiles
 a - a throwing net
 c - 84 stones
 q - 3 silver javelins
 w - 24 poisoned darts
 T - 2 curare-tipped darts
Armour
 E - a +2 buckler (worn)
 L - an orb of guile
 S - an orb of mayhem
Magical Staves
 O - a staff of fire
 P - a staff of air
Jewellery
 h - an amulet of regeneration (around mantle)
 C - an amulet of the acrobat
 D - an amulet of magic regeneration
 J - the ring of Bedwo Fae (left tentacle) {Ice Drain Will++ rCorr}
   (You acquired it on level 6 of the Dungeon)

   [ring of ice]

   Ice:       It enhances your ice magic.
   rF-:       It makes you vulnerable to fire.
   rC+:       It protects you from cold.
   Will++:    It greatly increases your willpower.
   rCorr:     It protects you from acid and corrosion.
   Drain:     It drains your maximum health when unequipped.
Wands
 f - a wand of digging (9)
 H - a wand of polymorph (17)
 R - a wand of paralysis (7)
Scrolls
 b - 3 scrolls of fog
 g - 4 scrolls of amnesia
 j - a scroll of butterflies
 l - 2 scrolls of immolation
 n - 3 scrolls of blinking
 o - 5 scrolls of teleportation
 p - a scroll of revelation
 u - a scroll of silence
 y - 2 scrolls of torment
 F - 3 scrolls of noise
 I - a scroll of poison {unknown}
 N - a scroll of vulnerability
Potions
 e - a potion of haste
 m - 7 potions of curing {unknown}
 r - 3 potions of brilliance {unknown}
 t - 5 potions of degeneration {unknown}
 v - 3 potions of enlightenment {unknown}
 z - a potion of magic
 B - 2 potions of ambrosia
 G - a potion of attraction
 Q - a potion of cancellation {unknown}


   Skills:
 + Level 4.7 Fighting
 + Level 7.7 Long Blades
 - Level 2.0 Dodging
 - Level 9.3 Stealth
 - Level 12.0 Shields


You had 9 spell levels left.
You didn't know any spells.
Your spell library contained the following spells:

 Spells                   Type           Power      Damage    Failure   Level
 Static Discharge         Conj/Air       0%         3-3/arc   50%         2
 Airstrike                Air            0%         2d(0-16)  98%         4
 Summon Lightning Spire   Summ/Air       0%         N/A       98%         4


Dungeon Overview and Level Annotations

Branches:
Dungeon (9/15)             Temple (1/1) D:4
   Lair: D:8-11         Orc: D:9-12

Altars:
Ashenzari
Cheibriados
Dithmenos
Elyvilon
Fedhas
Gozag
Hepliaklqana
Kikubaaqudgha
Makhleb
Okawaru
Qazlal
Ru
Sif Muna
Trog
Vehumet
Wu Jian
Xom
Yredelemnul
Zin
The Shining One

Shops:
D:6 ?   D:7 (

Annotations:
D:7 1 runed translucent door, dertzug's ghost, novice TrSh


Innate Abilities, Weirdness & Mutations

You cannot wear most types of armour.
You are amphibious.
You can wear up to eight rings at the same time.
Your skin changes colour to match your surroundings (Stealth+).
Your rubbery body absorbs attacks. (AC +1, EV +1)
((You are camouflaged when in or above water. (Stealth+)))
You have tentacles for arms and can constrict up to eight enemies at once.


Message History

You hit the yak. You squeeze the yak, but do no damage.
The yak is heavily wounded.
The kobold brigand is no longer distracted by gold.
You block the yak's attack.
The yak is distracted by your dazzling golden aura.
You completely miss the yak.
The yak is heavily wounded.
The yak bellows!
The yak gores you!
* * * LOW HITPOINT WARNING * * *
You block the yak's attack.
You feel much better. You block the yak's attack.
You slash the yak!
The yak is severely wounded.
The yak is no longer distracted by gold.
The yak gores you! You block the yak's attack.
You slash the yak!
You kill the yak!
The kobold brigand hits you with a +0 dagger.
* * * LOW HITPOINT WARNING * * *
You slash the kobold brigand! Your grab misses the kobold brigand.
You squeeze the kobold brigand.
The kobold brigand is severely wounded.
You block the kobold brigand's attack.
You closely miss the kobold brigand. You grab the kobold brigand.
The kobold brigand is severely wounded.
You constrict the kobold brigand. You block the kobold brigand's attack.
The kobold brigand barely misses you.
You hit the kobold brigand but do no damage.
The kobold brigand is severely wounded.
You constrict the kobold brigand. You block the kobold brigand's attack.
You hit the kobold brigand.
You kill the kobold brigand!
You slash the yak!
The yak is moderately wounded.
The yak gores you!
* * * LOW HITPOINT WARNING * * *
The yak gores you!
You die...
Your body crumbles into a pile of gold.

.............##...
.......).......#.....
.................... .
#...........##..#... ..#
#...........##..##..
#... ...####...###...#..
..... #.####.#..#.......
?....K##$#...##>........
....KKY@.....###...#.#.#
.....K####.........#####
...!. ##.........#...
#... .............. ...
##............. ..
.......#..)... .
##....#.......
....##...... #.......


You could see a yak and 4 kobolds.

Vanquished Creatures
  Pikel (D:6)
  Jeremiah (D:5)
  A kobold demonologist (D:9)
  Sigmund (D:2)
  3 yaks (D:9)
  A wyvern (D:8)
  A wraith (D:7)
  Menkaure (D:5)
  4 water moccasins
  An orc warrior (D:8)
  2 ice beasts
  2 ogres
  2 black bears (D:7)
  2 centaurs
  4 lemures (D:6)
  4 kobold brigands (D:9)
  3 phantoms
  3 bullfrogs
  Blork the orc (D:6)
  A scorpion (D:7)
  A gnoll sergeant (D:8)
  3 killer bees (D:9)
  3 howler monkeys
  2 jellies
  A gnoll bouda (D:5)
  3 hounds
  4 orc priests (D:7)
  A sleepcap (D:4)
  2 orc wizards
  Ijyb (D:5)
  5 iguanas
  14 gnolls
  4 adders
  3 shadow imps
  4 white imps
  4 ufetubi
  A worm (D:2)
  4 dart slugs
  23 orcs
  12 ball pythons
  7 bats
  11 endoplasms
  A giant cockroach (D:2)
  10 hobgoblins
  6 jackals
  20 kobolds
  2 quokkas
  3 frilled lizards
  10 goblins
  4 rats
208 creatures vanquished.

Notes
Turn   | Place    | Note
-------+----------+-------------------------------------------
     0 | D:5      | Azuregosa the Octopode Delver began the quest for the Orb.
     0 | D:5      | Reached XP level 1. HP: 16/16 MP: 1/1
    11 | D:5      | Noticed Menkaure
    27 | D:5      | Noticed a jelly
    57 | D:4      | Noticed a centaur
    95 | D:4      | Noticed a bullfrog
   100 | D:4      | Noticed a howler monkey
   105 | D:4      | Killed a bullfrog
   106 | D:4      | Reached XP level 2. HP: 13/21 MP: 2/2
   106 | D:4      | Reached XP level 3. HP: 16/26 MP: 3/3
   106 | D:4      | Reached XP level 4. HP: 20/31 MP: 4/4
   207 | D:3      | Reached XP level 5. HP: 23/36 MP: 5/5
  1307 | D:2      | Noticed Sigmund
  1313 | D:2      | Killed Sigmund
  1314 | D:2      | Reached skill level 5 in Long Blades
  1314 | D:2      | Reached XP level 6. HP: 34/42 MP: 6/6
  3225 | D:3      | Reached XP level 7. HP: 35/46 MP: 7/7
  3605 | D:4      | Found a staircase to the Ecumenical Temple.
  3611 | Temple   | Entered the Ecumenical Temple
  3630 | Temple   | Became a worshipper of Gozag Ym Sagoz the Greedy
  3659 | D:4      | Reached skill level 1 in Shields
  3999 | D:5      | Reached skill level 2 in Shields
  4041 | D:5      | Reached skill level 3 in Shields
  4041 | D:5      | Reached XP level 8. HP: 52/52 MP: 8/8
  4125 | D:5      | Killed Menkaure
  4126 | D:5      | Reached skill level 4 in Shields
  4234 | D:5      | Reached skill level 5 in Shields
  4321 | D:5      | Noticed Ijyb
  4350 | D:6      | Found Buippets's Magic Scroll Shop.
  4423 | D:5      | Killed Ijyb
  4816 | D:6      | Reached skill level 6 in Shields
  4849 | D:6      | Noticed Jeremiah
  4852 | D:6      | Noticed Blork the orc
  4864 | D:5      | Killed Jeremiah
  4865 | D:5      | Reached skill level 7 in Shields
  4865 | D:5      | Reached XP level 9. HP: 10/56 MP: 9/9
  4993 | D:6      | Noticed Pikel
  5041 | D:6      | Killed Blork the orc
  5042 | D:6      | Reached skill level 8 in Shields
  5133 | D:6      | Bought a scroll of blinking for 105 gold pieces
  5133 | D:6      | Bought a scroll of identify for 28 gold pieces
  5133 | D:6      | Bought a scroll of vulnerability for 56 gold pieces
  5133 | D:6      | Bought a scroll of teleportation for 42 gold pieces
  5133 | D:6      | Bought a scroll of immolation for 56 gold pieces
  5133 | D:6      | Bought a scroll of identify for 28 gold pieces
  5133 | D:6      | Bought a scroll of teleportation for 42 gold pieces
  5133 | D:6      | Bought a scroll of identify for 28 gold pieces
  5133 | D:6      | Identified a scroll of acquirement
  5134 | D:6      | Acquired the ring of Bedwo Fae {Ice Drain Will++ rCorr}
  5427 | D:6      | Killed Pikel
  5428 | D:6      | Reached skill level 9 in Shields
  5783 | D:7      | Found Miof's Weapon Emporium.
  5976 | D:7      | Reached skill level 10 in Shields
  6380 | D:7      | Reached skill level 11 in Shields
  6580 | D:7      | Found a runed translucent door.
  6581 | D:7      | Noticed dertzug's ghost (novice TrSh)
  6637 | D:7      | Reached XP level 10. HP: 57/63 MP: 10/10
  7144 | D:8      | Reached skill level 12 in Shields
  7328 | D:8      | HP: 2/63 [gnoll sergeant/+0 trident (14)]
  7389 | D:9      | Noticed a kobold demonologist
  7430 | D:9      | Killed a kobold demonologist
  7555 | D:9      | HP: 2/65 [yak (12)]
  7572 | D:9      | Slain by a yak

Illustrated notes

Levels and vault maps discovered:
D:1:      amcnicky_arrival_choice, layout_loops_cross, wad_floor_pattern_1
D:2:      minmay_inner_zag, layout_loops_corners, serial_co_window_serial,
          co_window_paths_a, co_window_corner_a, co_window_of_opportunity_a,
          co_window_paths_a, co_window_paths_a, co_window_corner_ca,
          co_window_of_opportunity_b, co_window_2corner, co_window_cross_4,
          co_window_corner_b, co_window_of_opportunity_b,
          chequers_serial_rivers_small_3, uniq_sigmund
D:3:      layout_basic, hangedman_decor_clover_reticule, columned_hall_lemuel
D:4:      layout_rooms, temple_fountains, minmay_goblin_kobold_house
D:5:      layout_basic, serial_park_tiny_1, uniq_ijyb, uniq_menkaure
D:6:      layout_basic, serial_shops, nicolae_stop_n_shop_2, uniq_jeremiah,
          uniq_pikel, uniq_blork_the_orc
D:7:      layout_basic, serial_shops, shop, gammafunk_ghost_grave,
          dk_noncrumbling_4, roderic_lattice_a, grunt_ministairs_15
D:8:      layout_basic
D:9:      layout_cave_pools, chequers_temple_overflow_statue_of_worship
Temple:   nicolae_temple_slightly_damp_pantheon

Skill      XL: |  1  2  3  4  5  6  7  8  9 10 |
---------------+-------------------------------+-----
Stealth        | 8 9 |  9.3
Long Blades    | 5 6 7 |  7.7
Shields        | 3 7 11 12 | 12.0
Fighting       | 4 |  4.7
Dodging        | |  2.0

Action                     |  1- 3 |  4- 6 |  7- 9 | 10-12 || total
---------------------------+-------+-------+-------+-------++-------
  Melee: Falchion          |     4 |     4 |       |       ||     8
         Constrict         |     1 |    28 |    53 |    21 ||   103
         Tentacles         |     1 |    20 |    63 |    33 ||   117
         Long sword        |       |   114 |   254 |   119 ||   487
         Unarmed           |       |       |    21 |       ||    21
         Punch             |       |       |     1 |     3 ||     4
 Invoke: Potion Petition   |       |       |       |     1 ||     1
    Use: Scroll            |     1 |       |    14 |     1 ||    16
         Potion            |       |       |       |     4 ||     4
   Stab: Sleeping          |       |    34 |     9 |     4 ||    47
         Distracted        |       |       |     1 |     1 ||     2
 Armour: Skin              |     3 |    44 |   130 |    79 ||   256
  Dodge: Dodged            |     4 |    73 |   145 |    66 ||   288
  Block: Buckler           |       |       |    80 |    72 ||   152

Table legend: (Time is in decaauts)
 A = Elapsed time spent in this place.
 B = Non-inter-level travel time spent in this place.
 C = Inter-level travel time spent in this place.
 D = Time resting spent in this place.
 E = Time spent auto-exploring this place.
 F = Levels seen in this place.
 G = Mean time per level.
                   A        B        C        D        E       F      G
               +--------+--------+--------+--------+--------+-----+--------+
         Total |   7653 |   7410 |    243 |   1030 |   4005 |  10 |  765.3 |
       Dungeon |   7614 |   7389 |    225 |   1030 |   4005 |   9 |  846.0 |
        Temple |     38 |     20 |     18 |      0 |      0 |   1 |   38.0 |
               +--------+--------+--------+--------+--------+-----+--------+

Top non-repeatable levels by time:
     D:7: 1438 daAuts
     D:3: 1285 daAuts
     D:2: 1234 daAuts
     D:5: 974 daAuts
     D:1: 722 daAuts
     D:6: 655 daAuts
     D:4: 655 daAuts
     D:8: 397 daAuts
     D:9: 251 daAuts
  Temple: 38 daAuts
